 Dungeon Crawl Stone Soup version 0.24.0-123-gd5b16e6ec5 (webtiles) character file.

Game seed: 7207526015352129215, levelgen mode: deterministic

20 Descartes the Ducker (level 2, 0/14 HPs)
             Began as a Felid Monk on Dec 15, 2019.
             Slain by an adder (4 damage)
             ... on level 1 of the Dungeon on Dec 16, 2019.
             The game lasted 00:03:15 (793 turns).

Descartes the Ducker (Felid Monk)                    Turns: 793, Time: 00:03:16

Health: 0/14       AC:  1    Str:  7    XL:     2   Next: 58%
Magic:  3/3        EV: 20    Int: 11    God:
Gold:   35         SH:  0    Dex: 18    Spells: 1/1 levels left
                                        Lives:  0   Deaths: 0

rFire    . . .     SeeInvis +     - Unarmed
rCold    . . .     Gourm    .   (shield unavailable)
rNeg     . . .     Faith    .   (armour unavailable)
rPois    .         Spirit   .   (helmet unavailable)
rElec    .         Reflect  .   (cloak unavailable)
rCorr    .         Harm     .   (gloves unavailable)
MR       .....                  (boots unavailable)
Stlth    +++.......             (no amulet)
HPRegen  0.04/turn              (no ring)
MPRegen  0.08/turn              (no ring)

@: lethally poisoned (0 -> -11), quick
A: very small, no armour, no weapons or thrown items, stealth, claws 1, fangs 3,
see invisible, carnivore, speed 1, shaggy fur 1, slow metabolism 1, sharp paws
a: no special abilities


You were on level 1 of the Dungeon.
You were completely stuffed.

You visited 1 branch of the dungeon, and saw 2 of its levels.

You collected 35 gold pieces.

Inventory:

Missiles
 e - 16 stones
Scrolls
 b - a scroll of identify {unknown}
 c - a scroll of remove curse {unknown}
 d - 2 scrolls of teleportation {unknown}
 f - a scroll of fear {unknown}
 g - a scroll of amnesia {unknown}
 k - 2 scrolls of fog {unknown}
 m - a scroll of magic mapping {unknown}
Potions
 h - a potion of cancellation {unknown}
 j - 2 potions of heal wounds {unknown}
 l - a potion of magic {unknown}
 n - a potion of resistance {unknown}
 o - a potion of ambrosia {unknown}
Comestibles
 a - a ration
 i - 4 chunks of flesh


   Skills:
 + Level 3.1 Fighting
 + Level 4.2 Dodging
 * Level 3.5 Stealth
 * Level 3.2 Unarmed Combat


You had one spell level left.
You didn't know any spells.
Your spell library was empty.

Dungeon Overview and Level Annotations

Branches:
Dungeon (2/15)

Altars:


Innate Abilities, Weirdness & Mutations

You cannot wear armour.
You are incapable of wielding weapons or throwing items.
Your paws allow you to move quietly. (Stealth)
You have sharp claws.
You have razor-sharp teeth.
You have supernaturally acute eyesight. (SInv)
You are carnivorous and can eat meat at any time.
You cover ground quickly.
You are covered in fur. (AC +1)
You have a slow metabolism.
Your sharp claws are effective at attacking unaware monsters.


Message History

You feel sick. The adder misses you. The adder completely misses you.
You scratch the adder.
The adder is almost dead.
The adder misses you.
You closely miss the adder.
The adder is almost dead.
You feel sick. The adder completely misses you.
You scratch the adder but do no damage. Your bite misses the adder.
The adder is almost dead.
The adder closely misses you.
You miss the adder.
The adder is almost dead.
The adder completely misses you.
You miss the adder.
The adder is almost dead.
You feel sick. The adder bites you.
* * * LOW HITPOINT WARNING * * *
You are more poisoned.
The adder poisons you! The adder bites you.
You die...

##################
#@................
#S################
#.#
#.################
#.#...............
#.#...............
#.#.....#########.
#............# #.
#.###........# #.


You could see an adder.

Vanquished Creatures
  4 bats
  2 giant cockroaches (D:1)
  2 goblins (D:1)
  3 hobgoblins (D:1)
  A frilled lizard (D:1)
  2 kobolds
  4 rats
18 creatures vanquished.

Notes
Turn   | Place    | Note
-------+----------+-------------------------------------------
     0 | D:1      | Descartes the Felid Monk began the quest for the Orb.
     0 | D:1      | Reached XP level 1. HP: 10/10 MP: 2/2
     0 | D:1      | Upgraded the game from 0.24.0-41-g2ae2f7f1be to
                  | 0.24.0-123-gd5b16e6ec5
   276 | D:1      | Reached XP level 2. HP: 14/14 MP: 3/3
   793 | D:1      | Slain by an adder

Levels and vault maps discovered:
D:1:      giann_bridges, layout_basic
D:2:      layout_rooms

Skill      XL: |  1 |
---------------+----+-----
Stealth        | 3 |  3.5
Fighting       | |  3.1
Dodging        | |  4.2
Unarmed Combat | |  3.2

Action                   || total
-------------------------++-------
Melee: Unarmed           ||    62
       Bite              ||     1
 Stab: Sleeping          ||     6
  Eat: Chunk             ||     7
Armor: Skin              ||     7
Dodge: Dodged            ||    67
